 Dungeon Crawl Stone Soup version 0.29-a0-780-g652cadfb38 (webtiles) character file.

Game seed: 13573134930218473424

461 Lekart the Trooper (level 6, 0/53 HPs)
             Began as a Draconian Fighter on July 2, 2022.
             Succumbed to a scorpion's poison
             ... on level 5 of the Dungeon.
             The game lasted 00:07:01 (3562 turns).

Lekart the Trooper (Draconian Fighter)              Turns: 3562, Time: 00:07:02

Health: 0/53       AC:  7    Str: 17    XL:     6   Next: 79%
Magic:  6/6        EV: 13    Int: 12    God:
Gold:   322        SH:  0    Dex: 12    Spells: 5/5 levels left

rFire   . . .      SeeInvis .   w - +11 quarterstaff "Qaqeest" {flame, Dex+2}
rCold   . . .      Faith    .   (shield currently unavailable)
rNeg    . . .      Spirit   .   (body armour unavailable)
rPois   .          Reflect  .   (helmet restricted)
rElec   .          Harm     .   (no cloak)
rCorr   .          Rampage  .   j - +0 pair of gloves
Will    .....                   (no boots)
Stlth   ++........              (no amulet)
HPRegen 0.17/turn               (no ring)
MPRegen 0.10/turn               (no ring)

@: lethally poisoned (0 -> -16)
A: AC +6, unfitting armour, cold-blooded, hooves 1, clever 1, weak 1
a: no special abilities


You were on level 5 of the Dungeon.
You visited 1 branch of the dungeon, and saw 5 of its levels.

You collected 322 gold pieces.

Inventory:

Hand Weapons
 a - a +0 war axe
 e - a +3 dagger of electrocution
 w - the +11 quarterstaff "Qaqeest" (weapon) {flame, Dex+2}
   (You found it on level 4 of the Dungeon)

   It burns those it strikes, dealing additional fire damage.
   Dex:       It affects your dexterity (+2).
Armour
 b - a +0 buckler
 j - a +0 pair of gloves (worn)
Jewellery
 l - a ring of protection from cold
 m - a ring of poison resistance
 r - a ring of willpower
 v - a +4 ring of slaying
 y - an amulet of reflection
Scrolls
 d - a scroll of fog {unknown}
 g - 3 scrolls of teleportation {unknown}
 i - a scroll of silence {unknown}
 n - a scroll of amnesia {unknown}
 p - 8 scrolls of identify
 s - a scroll of enchant weapon {unknown}
 t - a scroll of magic mapping {unknown}
 u - a scroll of poison {unknown}
 z - a scroll of enchant armour {unknown}
Potions
 c - a potion of might
 f - a potion of berserk rage
 h - a potion of curing
 k - 2 potions of invisibility
 o - 5 potions of heal wounds
 q - a potion of ambrosia {unknown}
 x - a potion of degeneration {unknown}
 A - a potion of flight {unknown}


   Skills:
 + Level 4.5 Fighting
 + Level 3.3 Short Blades
 + Level 2.2 Axes
 + Level 0.4 Staves
 + Level 4.2 Dodging
 + Level 2.2 Stealth
 + Level 4.1 Shields


You had 5 spell levels left.
You didn't know any spells.
Your spell library contained the following spells:

 Spells                   Type           Power      Damage    Failure   Level
 Conjure Flame            Conj/Fire      0%         6-21      69%         3
 Dazzling Flash           Conj/Hex       0%         N/A       69%         3
 Gell's Gravitas          Tloc           0%         N/A       69%         3
 Ignite Poison            Fire/Tmut/Pois 0%         N/A       69%         3
 Lesser Beckoning         Tloc           0%         N/A       69%         3
 Teleport Other           Tloc           0%         N/A       69%         3
 Iskenderun's Mystic Bla  Conj/Tloc      0%         2d3       97%         4
 Sticky Flame             Conj/Fire      0%         2d3       97%         4
 Starburst                Conj/Fire      0%         6d3       100%        6


Dungeon Overview and Level Annotations

Branches:
Dungeon (5/15)
 Temple: D:4-7

Altars:
Hepliaklqana
Qazlal
Trog
Zin

Shops:
D:4 [


Innate Abilities, Weirdness & Mutations

Your plain brown scales are hard. (AC +6)
You cannot fit into any form of body armour.
You are cold-blooded and may be slowed by cold attacks.
You have large cloven feet.
Your mind is acute. (Int +4, Str/Dex -1)
You are weak. (Str -2)


Message History

You are poisoned.
The scorpion poisons you! The orc hits you with a +0 club.
You closely miss the scorpion.
You kick the scorpion, but do no damage.
Your tail-slap misses the scorpion.
You feel very sick. The scorpion misses you. The scorpion barely misses you.
The orc hits you with a +0 falchion. The orc hits you with a +0 club.
The scorpion stings you but does no damage.
You hit the scorpion. You burn the scorpion.
The scorpion is moderately wounded.
You feel sick. The scorpion stings you.
You are more poisoned.
The scorpion poisons you! The orc barely misses you.
The orc hits you but does no damage. The scorpion misses you.
The scorpion stings you but does no damage.
You thump the scorpion! You burn the scorpion.
You kill the scorpion!
You feel very sick. The scorpion closely misses you. The orc barely misses you.
The orc hits you with a +0 falchion. The hound completely misses you.
The scorpion stings you. The hound attacks as you move away!
The hound misses you. The orc attacks as you move away!
The orc hits you with a +0 club.
You feel very sick.
The scorpion stings you but does no damage.
The orc attacks as you move away! The orc hits you but does no damage.
The scorpion attacks as you move away! The scorpion closely misses you.
You feel sick. The scorpion attacks as you move away!
The scorpion barely misses you.
You feel sick. The scorpion attacks as you move away! The scorpion stings you.
* * * LOW HITPOINT WARNING * * *
You are lethally poisoned!
The scorpion poisons you!
Found 22 gold pieces.
* * * LOW HITPOINT WARNING * * *
You feel very sick. The orc attacks as you move away!
The orc hits you with a +0 falchion.
* * * LOW HITPOINT WARNING * * *
You die...

##### ....# #####
....# ....# ...[##
###....# .....#####
#.@...$# .........#
##.#....# ########.##
##os###### ###
#..###.o####. ..##
##...oo......# ....
#...h......##
..........†.......##
....................
..................###


You could see a scorpion, a hound and 4 orcs.

Vanquished Creatures
  Pargi (D:3)
  A scorpion (D:5)
  2 hounds
  An orc priest (D:4)
  An iguana (D:4)
  2 orc wizards (D:3)
  4 adders
  A worm (D:2)
  A dart slug (D:1)
  7 orcs
  9 endoplasms
  5 giant cockroaches
  14 goblins
  11 hobgoblins
  4 jackals (D:3)
  4 kobolds
  2 quokkas
  8 ball pythons
  7 bats
  6 frilled lizards
  5 rats
  A spectral goblin (D:3)
97 creatures vanquished.

Notes
Turn   | Place    | Note
-------+----------+-------------------------------------------
     0 | D:1      | Lekart the Draconian Fighter began the quest for the Orb.
     0 | D:1      | Reached XP level 1. HP: 19/19 MP: 1/1
    50 | D:1      | Gained mutation: You have large cloven feet. [potion of
                  | mutation]
    50 | D:1      | Gained mutation: You are weak. (Str -2) [potion of
                  | mutation]
    50 | D:1      | Gained mutation: Your mind is acute. (Int +4, Str/Dex -1)
                  | [potion of mutation]
   252 | D:1      | Reached XP level 2. HP: 22/26 MP: 2/2
  1038 | D:1      | Reached XP level 3. HP: 33/33 MP: 3/3
  1255 | D:2      | Found a bloodstained altar of Trog.
  1490 | D:2      | Found a faded altar of an unknown god.
  1540 | D:2      | Reached skill level 1 in Short Blades
  1660 | D:3      | Reached XP level 4. HP: 40/40 MP: 4/4
  1825 | D:3      | Noticed Pargi
  1856 | D:3      | HP: 1/40 [Pargi (2)]
  1857 | D:3      | Killed Pargi
  1858 | D:3      | Reached skill level 1 in Stealth
  1858 | D:3      | Reached XP level 5. HP: 2/46 MP: 5/5
  2170 | D:3      | Found a glowing silver altar of Zin.
  2196 | D:3      | Found a stormy altar of Qazlal.
  2360 | D:3      | Found a hazy altar of Hepliaklqana.
  2787 | D:4      | Reached XP level 6. HP: 52/52 MP: 6/6
  3002 | D:4      | Identified the +11 quarterstaff "Qaqeest" {flame, Dex+2}
  3342 | D:4      | Found Gopt's Armour Shoppe.
  3439 | D:5      | Entered Level 5 of the Dungeon
  3562 | D:5      | Succumbed to a scorpion's poison

Illustrated notes

Levels and vault maps discovered:
D:1:      dpeg_arrival_concentric_ovals, layout_loops_corners
D:2:      layout_basic, basic_altar,
          dreamdust_ecumenical_altar_hidden_monk_grotto
D:3:      layout_rooms, nicolae_hepliaklqana_monster_ancestors,
          grunt_temple_overflow_open, kennysheep_potato, uniq_pargi
D:4:      layout_loops_ring, serial_shops, nicolae_take_the_stairs,
          serial_park_tiny_2, minmay_goblin_kobold_house
D:5:      layout_rooms, minmay_temple_entry_proselytizer, enter_ossuary_4,
          palyth_stone_intersect, uniq_edmund

Skill      XL: |  1  2  3  4  5  6 |
---------------+-------------------+-----
Dodging        | 3 4 |  4.2
Short Blades   | 1 2 3 |  3.3
Fighting       | 4 |  4.5
Stealth        | 1 2 |  2.2
Shields        | 4 |  4.1
Axes           | |  2.2
Staves         | |  0.4

Action                   |  1- 3 |  4- 6 || total
-------------------------+-------+-------++-------
Melee: Dagger            |   114 |    98 ||   212
       War axe           |     7 |       ||     7
       Kick              |    15 |    14 ||    29
       Tailslap          |    10 |    11 ||    21
       Quarterstaff      |       |    18 ||    18
  Use: Scroll            |     5 |       ||     5
       Potion            |     1 |       ||     1
 Stab: Sleeping          |     3 |     3 ||     6
Armor: Skin              |    45 |    62 ||   107
Dodge: Dodged            |    74 |    83 ||   157
Block: Buckler           |    22 |    23 ||    45

Table legend: (Time is in decaauts)
 A = Elapsed time spent in this place.
 B = Non-inter-level travel time spent in this place.
 C = Inter-level travel time spent in this place.
 D = Time resting spent in this place.
 E = Time spent auto-exploring this place.
 F = Levels seen in this place.
 G = Mean time per level.
                   A        B        C        D        E       F      G
               +--------+--------+--------+--------+--------+-----+--------+
         Total |   3566 |   3456 |    110 |    281 |   2395 |   5 |  713.2 |
       Dungeon |   3566 |   3456 |    110 |    281 |   2395 |   5 |  713.2 |
               +--------+--------+--------+--------+--------+-----+--------+

Top non-repeatable levels by time:
     D:1: 1120 daAuts
     D:3: 983 daAuts
     D:4: 861 daAuts
     D:2: 475 daAuts
     D:5: 125 daAuts
